 Dungeon Sprint DCSS version 0.21.2 (webtiles) character file.

393 Fang the Cleaver (level 6, -7/67 HPs)
             Began as a Gargoyle Berserker on Sept 25, 2018.
             Was a High Priest of Trog.
             Mangled by a tyrant leech (21 damage)
             ... in the Dungeon (Sprint VII: "The Pits").
             The game lasted 00:01:19 (420 turns).

Fang the Cleaver (Gargoyle Berserker)                Turns: 420, Time: 00:01:19

Health: -7/67      AC: 17    Str: 28    XL:     6   Next: 81%
Magic:  6/6        EV: 10    Int:  7    God:    Trog [*****.]
Gold:   0          SH:  0    Dex:  9    Spells: 5/5 levels left

rFire    . . .     SeeInvis .   j - +2 hand axe (flame)
rCold    + . .     Gourm    .   (no shield)
rNeg     + . .     Faith    .   n - +3 chain mail {rC+}
rPois    ∞         Spirit   .   (no helmet)
rElec    +         Reflect  .   (no cloak)
rCorr    .         Harm     .   (no gloves)
MR       .....     NoTele   +   (no boots)
Stlth    ..........             (no amulet)
HPRegen  0.21/turn              (no ring)
MPRegen  0.10/turn              (no ring)

@: berserking, very quick
A: negative energy resistance 1, electricity resistance, unbreathing,
petrification resistance, rot immunity, AC +4
a: Berserk, Trog's Hand, Brothers in Arms, Burn Spellbooks, Renounce Religion


You were in the Dungeon.
You worshipped Trog.
Trog was extremely pleased with you.
You were very hungry.

You visited 1 branch

Inventory:

Hand Weapons
 j - a +2 hand axe of flaming (weapon)
 m - a +0 hand axe of freezing
Armour
 n - a +3 chain mail of cold resistance (worn)
Scrolls
 i - a scroll of blinking
 k - 3 scrolls of remove curse
 l - a scroll of summoning
Potions
 a - 2 potions of invisibility
 d - 6 potions of curing
 e - 6 potions of heal wounds
 f - a potion of haste
 g - 4 potions of magic
 h - 3 potions of berserk rage
Comestibles
 c - 9 rations


   Skills:
 + Level 8.7 Fighting
 + Level 9.4 Axes
 + Level 5.2 Armour
 + Level 4.8 Dodging


You had 5 spell levels left.
You didn't know any spells.

Dungeon Overview and Level Annotations

Branches:
Dungeon (1/1)

Altars:
Cheibriados
Dithmenos
Elyvilon
Fedhas
Gozag
Hepliaklqana
Makhleb
Nemelex Xobeh
Okawaru
Qazlal
Ru
Sif Muna
Trog
Vehumet
Wu Jian
Xom
Yredelemnul
Zin
The Shining One
Beogh
Jiyva
Lugonu


Innate Abilities, Weirdness & Mutations

You are resistant to torment.
Your stone body is resilient. (AC +4)
You are immune to poison.
You resist negative energy. (rN+)
You are resistant to electric shocks. (rElec)
You can survive without breathing.
You are immune to petrification.
You are immune to rotting.


Message History

The tyrant leech bites you!
You closely miss the tyrant leech.
Your chain mail prevents you from hitting the tyrant leech.
The tyrant leech bites you.
You are too injured to fight recklessly!
You are too injured to fight recklessly!
You are too injured to fight recklessly!
You are too injured to fight recklessly!
A red film seems to cover your vision as you go berserk!
You feel yourself moving faster!
You feel mighty!
You are feeling very hungry.
The tyrant leech bites you!!
* * * LOW HITPOINT WARNING * * *
You slash the tyrant leech! You burn the tyrant leech.
The tyrant leech is moderately wounded.
Unknown command.
You hit the tyrant leech. You burn the tyrant leech.
The tyrant leech is moderately wounded.
The tyrant leech bites you!!
You die...

#.#.....)..##.......#
#'###########.......#
#.†.....# #########
#†[.#...# #..)#...#
#.##)##.#+#
#...#)).#.+
#...#...#w#
#.......'@#
###########


You could see a tyrant leech.

Vanquished Creatures
  A sky beast (D)
  An orc warrior (D)
  A quasit (D)
  A gnoll shaman (D)
  An orc wizard (D)
  A worker ant (D)
  4 gnolls (D)
  3 river rats (D)
  An ufetubus (D)
  A leopard gecko (D)
  3 orcs (D)
  2 quokkas (D)
  2 ball pythons (D)
  A bat (D)
23 creatures vanquished.

Notes
Turn   | Place    | Note
-------+----------+-------------------------------------------
     0 | D        | Fang the Gargoyle Berserker began the quest for the Orb.
     0 | D        | Reached XP level 1. HP: 14/14 MP: 1/1
    26 | D        | Found a bloodstained altar of Trog.
    26 | D        | Found a deep blue altar of Sif Muna.
    26 | D        | Found a viscous altar of Jiyva.
    26 | D        | Found a hazy altar of Hepliaklqana.
    26 | D        | Found an opulent altar of Gozag.
    27 | D        | Found a glowing golden altar of the Shining One.
    27 | D        | Found a glowing silver altar of Zin.
    27 | D        | Found a basalt altar of Yredelemnul.
    27 | D        | Found a shimmering altar of Xom.
    27 | D        | Found an ornate altar of the Wu Jian Council.
    27 | D        | Found a sacrificial altar of Ru.
    27 | D        | Found a stormy altar of Qazlal.
    27 | D        | Found an iron altar of Okawaru.
    27 | D        | Found a sparkling altar of Nemelex Xobeh.
    27 | D        | Found a burning altar of Makhleb.
    27 | D        | Found a blossoming altar of Fedhas.
    27 | D        | Found a white marble altar of Elyvilon.
    27 | D        | Found a shadowy altar of Dithmenos.
    27 | D        | Found a snail-covered altar of Cheibriados.
    29 | D        | Found a radiant altar of Vehumet.
    29 | D        | Found a corrupted altar of Lugonu.
    29 | D        | Found a roughly hewn altar of Beogh.
    70 | D        | Reached skill level 3 in Axes
    73 | D        | Reached ** piety under Trog
   103 | D        | Reached XP level 2. HP: 14/20 MP: 2/2
   208 | D        | Reached skill level 5 in Fighting
   208 | D        | Reached skill level 4 in Axes
   208 | D        | Reached XP level 3. HP: 22/26 MP: 3/3
   257 | D        | Reached *** piety under Trog
   257 | D        | Reached skill level 5 in Axes
   260 | D        | Reached XP level 4. HP: 32/32 MP: 4/4
   263 | D        | Reached **** piety under Trog
   263 | D        | Reached skill level 6 in Axes
   341 | D        | Noticed an orc warrior
   341 | D        | Noticed a sky beast
   344 | D        | Reached XP level 5. HP: 37/37 MP: 5/5
   349 | D        | Killed a sky beast
   349 | D        | Reached ***** piety under Trog
   349 | D        | Reached skill level 7 in Axes
   351 | D        | Reached XP level 6. HP: 44/44 MP: 6/6
   355 | D        | Killed an orc warrior
   355 | D        | Reached skill level 8 in Axes
   356 | D        | Received a gift from Trog
   356 | D        | Reached skill level 9 in Axes
   356 | D        | Reached skill level 5 in Armour
   414 | D        | Noticed a tyrant leech
   420 | D        | Mangled by a tyrant leech

Skill      XL: |  1  2  3  4  5  6 |
---------------+-------------------+-----
Axes           | 3 4 5 6 7 9 |  9.4
Fighting       | 4 5 6 7 8 |  8.7
Dodging        | 2 3 4 |  4.8
Armour         | 3 4 5 |  5.2

Action                   |  1- 3 |  4- 6 || total
-------------------------+-------+-------++-------
Melee: Hand axe          |    25 |    33 ||    58
Invok: Berserk           |     1 |     2 ||     3
Armor: Animal skin       |     7 |       ||     7
       Chain mail        |       |    20 ||    20
Dodge: Dodged            |    26 |    20 ||    46
